 Dungeon Crawl Stone Soup version 0.31-a0-841-g038b102fc3 (webtiles) character file.

Game seed: 353426058873949061

5431 Bravepunisher the Nimble (level 10, -3/51 HPs)
             Began as a Spriggan Monk on Sept 27, 2023.
             Was a High Priest of Makhleb.
             Shot with an arrow by a centaur warrior (9 damage)
             ... on level 9 of the Dungeon.
             The game lasted 00:23:29 (7547 turns).

Bravepunisher the Nimble (Spriggan Monk)            Turns: 7547, Time: 00:23:29

Health: -3/51      AC:  6    Str:  7    XL:     10   Next: 40%
Magic:  0/19       EV: 25    Int: 11    God:    Makhleb [*****.]
Gold:   573        SH:  0    Dex: 23    Spells: 9/9 levels left

rFire   . . .        o - +4 spear (freeze)
rCold   . . .        (no shield)
rNeg    . . .        c - +0 acid dragon scales
rPois   .            (helmet restricted)
rElec   .            (no cloak)
rCorr   +            (gloves unavailable)
SInv    +            (boots unavailable)
Will    ++...        m - amulet of guardian spirit
Stlth   ++           k - ring of willpower
HPRegen 0.28/turn    w - ring of resist corrosion
MPRegen 0.16/turn

%: guardian spirit
@: hasted, studying Summonings, very quick
A: very small, no large weapons, unfitting armour, see invisible, speed 3
a: Renounce Religion, Minor Destruction, Lesser Servant of Makhleb, Major
Destruction, Greater Servant of Makhleb


You were on level 9 of the Dungeon.
You worshipped Makhleb.
Makhleb was extremely pleased with you.
You visited 2 branches of the dungeon, and saw 10 of its levels.

You collected 618 gold pieces.
You spent 45 gold pieces at shops.

Inventory:

Hand Weapons
 o - a +4 spear of freezing (weapon)
Armour
 c - +0 acid dragon scales (worn)
Jewellery
 k - a ring of willpower (left hand)
 m - an amulet of guardian spirit (around neck)
 w - a ring of resist corrosion (right hand)
Wands
 t - a wand of iceblast (5)
 u - a wand of flame (13)
 y - a wand of paralysis (9)
Scrolls
 b - a scroll of acquirement {unknown}
 d - 2 scrolls of fog {unknown}
 f - 4 scrolls of teleportation {unknown}
 h - 3 scrolls of blinking
 i - 12 scrolls of identify {unknown}
 j - 2 scrolls of vulnerability {unknown}
 n - a scroll of enchant armour {unknown}
 p - 3 scrolls of poison {unknown}
 q - 3 scrolls of revelation {unknown}
 C - a scroll of immolation {unknown}
 D - a scroll of enchant weapon {unknown}
Potions
 a - a potion of heal wounds {unknown}
 e - a potion of resistance {unknown}
 g - a potion of brilliance {unknown}
 l - 2 potions of berserk rage {unknown}
 r - 2 potions of degeneration {unknown}
 v - 2 potions of might {unknown}
 x - 2 potions of mutation {unknown}
 z - a potion of enlightenment {unknown}
 A - 2 potions of haste
 B - a potion of attraction {unknown}


   Skills:
 + Level 5.3 Fighting
 - Level 3.2 Short Blades
 + Level 3.6 Armour
 + Level 11.2 Dodging
 * Level 11.0 Invocations


You had 9 spell levels left.
You didn't know any spells.
Your spell library contained the following spells:

 Spells                   Type           Power      Damage    Failure   Level
 Lesser Beckoning         Tloc           0%         N/A       67%         2
 Scorch                   Fire           0%         2d5       67%         2
 Sublimation of Blood     Necr           0%         N/A       67%         2
 Dazzling Flash           Conj/Hex       0%         N/A       88%         3
 Gell's Gravitas          Tloc           0%         N/A       88%         3
 Teleport Other           Tloc           0%         N/A       88%         3
 Flame Wave               Conj/Fire      0%         2d4       99%         4
 Petrify                  Tmut/Erth      0%         N/A       99%         4
 Agony                    Necr           0%         N/A       100%        5
 Irradiate                Conj/Tmut      0%         3d11      100%        5
 Silence                  Hex/Air        0%         N/A       100%        5
 Conjure Ball Lightning   Conj/Air       0%         3x3d6     100%        6
 Summon Cactus Giant      Summ           0%         N/A       100%        6
 Discord                  Hex            0%         N/A       100%        8
 Disjunction              Tloc           0%         N/A       100%        8


Dungeon Overview and Level Annotations

Branches:
Dungeon (9/15)             Temple (1/1) D:5
   Lair: D:8-11         Orc: D:9-12

Altars:
Ashenzari
Dithmenos
Elyvilon
Fedhas
Gozag
Hepliaklqana
Kikubaaqudgha
Makhleb
Nemelex Xobeh
Okawaru
Qazlal
Ru
Sif Muna
Trog
Uskayaw
Vehumet
Wu Jian
Xom
Yredelemnul
Zin
The Shining One

Shops:
D:2 *   D:3 (

Annotations:
D:6 1 exclusion, Jeremiah


Innate Abilities, Weirdness & Mutations

You are very small and have problems with some larger weapons.
You are too small for most types of armour.
You have supernaturally acute eyesight. (SInv)
You cover ground extremely quickly. (Speed+++)


Message History

Press: ? - help, Shift-Dir - straight line, f - yak
Aim: a yak
Okay, then.
Your hellwing barely misses the yak. x2
Aiming: Minor Destruction (0% risk of failure)
Press: ? - help, Shift-Dir - straight line The puff of flame hits the yak!
The yak is moderately wounded.
Your hellwing hits the yak! x2
Unknown command.
You hit the centaur warrior. You freeze the centaur warrior.
The centaur warrior is lightly wounded.
The centaur warrior unwields a +0 orcbow.
The centaur warrior wields a +0 dagger.
The centaur warrior misses you.
The centaur warrior completely misses you.
The yak barely misses your hellwing.
Your hellwing hits the yak.
Your hellwing hits the yak but does no damage.
The yak barely misses you.
The centaur warrior hits you with a +0 dagger.
* * * LOW HITPOINT WARNING * * *
The centaur warrior kicks you but does no damage.
The yak gores your hellwing!
Your hellwing closely misses the yak.
Your hellwing hits the yak. The yak barely misses your hellwing.
The yak completely misses you.
The centaur warrior attacks as it pursues you!
The centaur warrior hits you with a +0 dagger.
* * * LOW HITPOINT WARNING * * *
The centaur warrior closely misses you.
It was a potion of haste.
You feel yourself speed up. The yak gores your hellwing!
Your hellwing hits the yak! Your hellwing hits the yak.
The centaur warrior hits you with a +0 dagger.
* * * LOW HITPOINT WARNING * * *
The centaur warrior kicks you.
* * * LOW HITPOINT WARNING * * *
The yak closely misses you.
The centaur warrior unwields a +0 dagger.
The centaur warrior wields a +0 orcbow.
The centaur warrior shoots an arrow.
The arrow hits you!
You die...

###### #################.....
#...............#..... #.. .
..#...............#..... #...
....#...............#...(. #...
#..#########.......#.....
#...###..####...##....##'#.....
..#..........#..@.####'##......>.
..#..........'..........#........
..#..........#cY........#........
..#..........##Y4.##....#........
..+....†)....##YK.##....+........
..####'##.Y)c...........#........
........#######...##....#........
##Y.K.........#...##....######'##
cY............#...##............#


You could see a centaur warrior, 3 yaks, a kobold brigand and a friendly
hellwing (summoned).

Vanquished Creatures
  A troll (D:9)
  A hornet (D:9)
  3 yaks (D:9)
  2 wyverns
  A steam dragon (D:8)
  2 water moccasins (D:6)
  A black bear (D:5)
  3 centaurs
  An ice beast (D:6)
  3 ogres
  A phantom (D:5)
  3 bullfrogs
  3 kobold brigands
  A scorpion (D:7)
  8 wights
  3 killer bees (D:8)
  7 howler monkeys
  7 hounds
  3 jellies
  4 orc priests
  3 iguanas
  A sleepcap (D:6)
  Natasha (D:4)
  4 orc wizards
  5 adders
  3 gnolls (D:2)
  3 shadow imps
  An ufetubus (D:5)
  3 worms
  4 dart slugs
  28 orcs
  5 endoplasms
  3 giant cockroaches
  10 goblins
  4 hobgoblins
  2 jackals (D:1)
  18 kobolds
  4 quokkas
  8 ball pythons
  3 bats
  3 frilled lizards
  5 rats
179 creatures vanquished.

Vanquished Creatures (collateral kills)
  A yak (D:9)
  A steam dragon (D:9)
  An acid dragon (D:6)
  A kobold brigand (D:9)
  A scorpion (D:6)
  7 killer bees (D:9)
  An orc priest (D:9)
  2 orc wizards (D:9)
  2 orcs (D:9)
17 creatures vanquished.

Vanquished Creatures (others)
  A steam dragon (D:9)
1 creature vanquished.

Grand Total: 197 creatures vanquished

Notes
Turn   | Place    | Note
-------+----------+-------------------------------------------
     0 | D:1      | Bravepunisher the Spriggan Monk began the quest for the
                  | Orb.
     0 | D:1      | Reached XP level 1. HP: 11/11 MP: 2/2
   101 | D:3      | You fall into a shaft and drop 1 floor!
   120 | D:4      | Noticed an ogre
   147 | D:4      | Noticed a hound
   223 | D:4      | Noticed Natasha
   255 | D:4      | Noticed a cerulean imp
   369 | D:5      | Entered Level 5 of the Dungeon
   395 | D:5      | Found a shadowy altar of Dithmenos.
   402 | D:6      | Noticed a wyvern
   402 | D:6      | Noticed a hound
   464 | D:5      | Noticed a black bear
   559 | D:4      | Reached XP level 2. HP: 13/16 MP: 3/3
   705 | D:5      | Found a staircase to the Ecumenical Temple.
   725 | Temple   | Entered the Ecumenical Temple
   733 | Temple   | Became a worshipper of Makhleb the Destroyer
   733 | Temple   | Reached * piety under Makhleb
   733 | Temple   | Reached ** piety under Makhleb
   767 | D:5      | Reached XP level 3. HP: 20/20 MP: 4/4
   780 | D:5      | Reached skill level 1 in Invocations
   873 | D:3      | Found Tuconoyl's Antique Weapon Boutique.
   890 | D:3      | Reached skill level 5 in Dodging
   890 | D:3      | Reached XP level 4. HP: 16/24 MP: 6/6
  1561 | D:1      | Reached *** piety under Makhleb
  1992 | D:2      | Reached XP level 5. HP: 28/28 MP: 8/8
  2130 | D:2      | Found Fexynge's Assorted Antiques.
  2138 | D:2      | Bought a scroll labelled DOSUSCH AGITOO for 24 gold pieces
  2138 | D:2      | Bought a ruby potion for 21 gold pieces
  3339 | D:4      | Killed Natasha
  3510 | D:4      | Killed an ogre
  3511 | D:4      | Reached XP level 6. HP: 29/32 MP: 8/10
  3563 | D:5      | Reached **** piety under Makhleb
  3677 | D:5      | Reached skill level 5 in Invocations
  3713 | D:5      | Reached XP level 7. HP: 36/36 MP: 10/12
  3808 | D:5      | Found a white marble altar of Elyvilon.
  3817 | D:5      | Found an opulent altar of Gozag.
  4388 | D:6      | Reached XP level 8. HP: 22/40 MP: 11/14
  4490 | D:6      | Noticed Jeremiah
  5036 | D:7      | Reached skill level 1 in Armour
  5194 | D:7      | Reached XP level 9. HP: 41/44 MP: 16/16
  6320 | D:8      | Reached skill level 10 in Dodging
  6807 | D:9      | Reached ***** piety under Makhleb
  6902 | D:9      | Reached skill level 10 in Invocations
  6962 | D:9      | Reached XP level 10. HP: 22/51 MP: 5/18
  7172 | D:9      | Reached skill level 5 in Fighting
  7483 | D:9      | Identified the +0 chain mail of Ignis's Castigation {Fly}
  7502 | D:9      | Identified the +5 hand axe of Invincibility {pain, rElec
                  | rN+}
  7517 | D:9      | Noticed a centaur warrior
  7547 | D:9      | Shot with an arrow by a centaur warrior

Illustrated notes

Levels and vault maps discovered:
D:1:      minmay_arrival_checkered_box, layout_basic, minmay_split_cup_large
D:2:      layout_rooms, serial_shops, shop, minivault_23
D:3:      layout_loops_corners, serial_shops, shop
D:4:      layout_basic, uniq_natasha
D:5:      layout_basic, nicolae_dithmenos_through_a_glass_darkly,
          mainiacjoe_overflow_swirl, minmay_temple_entry_poolview,
          minmay_manual_moon
D:6:      layout_loops_ring, st_stairs_6, uniq_jeremiah
D:7:      layout_loops_ring, kennysheep_generic_room_14
D:8:      layout_layer_cave
D:9:      minmay_the_grid_triangle_9x9_rhombus_thin_mashed
          [minmay_the_grid_triangle_9x9_flanged_cone,
          minmay_the_grid_triangle_9x9_prize_insulated,
          minmay_the_grid_triangle_9x9_semitri,
          minmay_the_grid_triangle_9x9_thin_v], layout_gridville
Temple:   dpeg_three_leaves_temple

Skill      XL: |  1  2  3  4  5  6  7  8  9 10 |
---------------+-------------------------------+-----
Fighting       | 3 4 5 |  5.3
Invocations    | 1 2 4 5 7 8 10 11 | 11.0
Dodging        | 5 6 8 9 10 11 | 11.2
Armour         | 1 3 |  3.6
Short Blades   | |  3.2

Action                     |  1- 3 |  4- 6 |  7- 9 | 10-12 || total
---------------------------+-------+-------+-------+-------++-------
  Melee: Short sword       |    44 |    16 |       |       ||    60
         Dagger            |       |     6 |   116 |    12 ||   134
         Spear             |       |       |       |    17 ||    17
 Invoke: Minor Destruction |     3 |   137 |   200 |    62 ||   402
         Lesser Servant of |       |       |     4 |     1 ||     5
  Evoke: Wand              |       |     2 |       |     1 ||     3
    Use: Potion            |     1 |       |     4 |     1 ||     6
         Scroll            |       |     1 |       |       ||     1
   Stab: Sleeping          |     2 |       |       |       ||     2
         Distracted        |       |       |     1 |       ||     1
         Paralysed         |       |       |       |     2 ||     2
 Armour: Robe              |     8 |     5 |     8 |       ||    21
         Skin              |    10 |       |       |       ||    10
         Acid dragon scale |       |       |    45 |    28 ||    73
  Dodge: Dodged            |    24 |    36 |   174 |    44 ||   278

Table legend: (Time is in decaauts)
 A = Elapsed time spent in this place.
 B = Non-inter-level travel time spent in this place.
 C = Inter-level travel time spent in this place.
 D = Time resting spent in this place.
 E = Time spent auto-exploring this place.
 F = Levels seen in this place.
 G = Mean time per level.
                   A        B        C        D        E       F      G
               +--------+--------+--------+--------+--------+-----+--------+
         Total |   5308 |   5130 |    178 |    225 |   3512 |  10 |  530.8 |
       Dungeon |   5296 |   5122 |    174 |    225 |   3512 |   9 |  588.4 |
        Temple |     11 |      7 |      4 |      0 |      0 |   1 |   11.0 |
               +--------+--------+--------+--------+--------+-----+--------+

Top non-repeatable levels by time:
     D:8: 709 daAuts
     D:3: 682 daAuts
     D:4: 668 daAuts
     D:7: 648 daAuts
     D:6: 589 daAuts
     D:5: 588 daAuts
     D:9: 587 daAuts
     D:1: 449 daAuts
     D:2: 373 daAuts
  Temple: 11 daAuts
